 Dungeon Crawl Stone Soup version 0.32-a0-876-gcfddb08e57 (webtiles) character file.

Game seed: 385083772086690535

77 TacoSundae the Changeling (level 4, -2/44 HPs)
             Began as an Oni Shapeshifter on Apr 2, 2024.
             Slain by a gnoll
             ... wielding a +0 halberd
             ... led by a gnoll bouda
              (16 damage)
             ... on level 3 of the Dungeon.
             The game lasted 00:03:47 (1801 turns).

TacoSundae the Changeling (Oni Shapeshifter)        Turns: 1801, Time: 00:03:48

Health: -2/44      AC:  3    Str: 18    XL:     4   Next: 33%
Magic:  4/4        EV:  9    Int: 11    God:
Gold:   58         SH:  0    Dex: 10    Spells: 3/3 levels left

rFire   . .          .
                       - Unarmed
rCold   . . .        (no shield)
rNeg    . . .        a - +0 animal skin
rPois   .            (helmet currently unavailable)
rElec   .            (cloak currently unavailable)
rCorr   .            (gloves unavailable)
SInv    .            (boots unavailable)
Will    .....        (no amulet)
Stlth   +            (no ring)
HPRegen 0.27/turn    (no ring)
MPRegen 0.09/turn

%: no passive effects
@: beast-form
A: beast (slay +2), large, unfitting armour, horns 1, tough skin 1, double
potion healing, drunken brawling
a: Begin Untransformation


You were on level 3 of the Dungeon.
You were a hulking beast.
You visited 1 branch of the dungeon, and saw 3 of its levels.

You collected 58 gold pieces.

Inventory:

Armour
 a - a +0 animal skin (worn)
Jewellery
 l - a ring of protection from cold
Talismans
 c - a beast talisman (active)
 d - a flux talisman
Scrolls
 e - 2 scrolls of poison {unknown}
 g - a scroll of summoning {unknown}
 h - 4 scrolls of identify {unknown}
 i - 2 scrolls of amnesia {unknown}
 n - a scroll of blinking {unknown}
 p - a scroll of vulnerability {unknown}
Potions
 b - a potion of lignification
 f - a potion of curing {unknown}
 j - a potion of resistance {unknown}
 k - 2 potions of ambrosia {unknown}
 m - a potion of invisibility {unknown}
 o - a potion of heal wounds {unknown}
 q - a potion of cancellation {unknown}


   Skills:
 + Level 2.4 Fighting
 - Level 2.0 Dodging
 * Level 3.4 Unarmed Combat
 * Level 3.7 Shapeshifting


You had 3 spell levels left.
You didn't know any spells.
Your spell library contained the following spells:

 Spells                   Type           Power      Damage    Failure   Level
 Ensorcelled Hibernation  Hex/Ice        0%         N/A       47%         2
 Fugue of the Fallen      Necr           0%         N/A       71%         3
 Anguish                  Hex/Necr       0%         N/A       98%         4


Dungeon Overview and Level Annotations

Branches:
Dungeon (3/15)

Altars:

Annotations:
D:3 1 transporter, 601d51SH's ghost, amateur GnFi


Innate Abilities, Weirdness & Mutations

You are a hulking beast.
Your limbs bulge with bestial killing power. (Slay +2)
You are too large for most types of armour.
You have a pair of small horns on your head.
You have tough skin. (AC +1)
You gain doubled healing and magic from potions.
Whenever you drink a healing potion, you attack all around you.


Message History

You hit the gnoll.
The gnoll is severely wounded.
The gnoll hits you with a +0 club.
You barely miss the gnoll. You headbutt the gnoll.
The gnoll is almost dead.
The gnoll hits you with a +0 club.
You barely miss the gnoll. Your headbutt misses the gnoll.
The gnoll is almost dead.
The gnoll barely misses you.
You hit the gnoll.
You kill the gnoll!
You see here a +0 club.
A gnoll comes into view. It is wielding a +0 flail.
The gnoll shouts!
You hear a shout!
A gnoll bouda comes into view. It is wielding a +0 club.
A gnoll comes into view. It is wielding a +0 halberd.
The gnoll bouda gazes fiercely through you!
You feel your attacks grow feeble.
The gnoll bouda gazes fiercely through you!
You feel as though you will be weak longer.
The gnoll bouda barks out a call to the hunt!
The gnolls pick up the pace!
You hear a shout!
The gnoll bouda barks out a call to the hunt!
Your attacks no longer feel as feeble.
You see here a +0 club.
The gnoll attacks as it pursues you! The gnoll hits you with a +0 flail!
The gnoll attacks as it pursues you! The gnoll hits you with a +0 flail!
You punch the gnoll! Your punch misses the gnoll.
The gnoll is severely wounded.
The gnoll barely misses you.
You punch the gnoll!
You kill the gnoll!
The gnoll hits you from afar with a +0 halberd.
You see here a +0 flail.
The gnoll hits you with a +0 halberd!
You hit the gnoll.
The gnoll is lightly wounded.
The gnoll hits you with a +0 halberd!
You die...

#..# .. #gg# Z.. #..#
... #..# .. #..# .
#..#... .©..
#..#..##..?##
#########..#..#ß...ß .
#...)hgg...#..##...##.
#.#######..#..5.......
..
.........#..5WW.....
##
####.....###########
#.##........©....
#.##.............
###.###.#####..#### #
#.....#.# #.##
#.##.....#.# #.#


You could see a gnoll bouda and a gnoll (swift).

Vanquished Creatures
  3 gnolls (D:3)
  A ribbon worm (D:2)
  A dart slug (D:2)
  7 ball pythons
  2 endoplasms
  2 giant cockroaches (D:1)
  5 goblins
  3 hobgoblins (D:1)
  5 kobolds
  6 bats
  4 frilled lizards
  6 rats
45 creatures vanquished.

Notes
Turn   | Place    | Note
-------+----------+-------------------------------------------
     0 | D:1      | TacoSundae the Oni Shapeshifter began the quest for the
                  | Orb.
     0 | D:1      | Reached XP level 1. HP: 19/19 MP: 1/1
   205 | D:1      | Reached XP level 2. HP: 27/27 MP: 2/2
   629 | D:1      | Reached XP level 3. HP: 35/35 MP: 3/3
  1720 | D:3      | Found a transporter.
  1721 | D:3      | Noticed 601d51SH's ghost (amateur GnFi)
  1754 | D:3      | Reached XP level 4. HP: 42/42 MP: 4/4
  1801 | D:3      | Slain by a gnoll

Illustrated notes

Levels and vault maps discovered:
D:1:      dpeg_arrival_simpleton_a, layout_loops_corners, minivault_27,
          chequers_serial_rivers_marsh, hangedman_decor_growths
D:2:      layout_loops_ring
D:3:      layout_loops_ring, marbit_many_paths, gammafunk_ghost_mausoleum

Skill      XL: |  1  2  3 |
---------------+----------+-----
Unarmed Combat | 3 |  3.4
Dodging        | 2 |  2.0
Fighting       | 2 |  2.4
Shapeshifting  | |  3.7

Action                     |  1- 3 |  4- 6 || total
---------------------------+-------+-------++-------
  Melee: Unarmed           |   107 |     8 ||   115
         Headbutt          |    19 |     1 ||    20
         Punch             |     4 |       ||     4
   Stab: Sleeping          |     1 |       ||     1
 Armour: Animal skin       |    57 |     8 ||    65
  Dodge: Dodged            |    54 |     2 ||    56

Table legend: (Time is in decaauts)
 A = Elapsed time spent in this place.
 B = Non-inter-level travel time spent in this place.
 C = Inter-level travel time spent in this place.
 D = Time resting spent in this place.
 E = Time spent auto-exploring this place.
 F = Levels seen in this place.
 G = Mean time per level.
                   A        B        C        D        E       F      G
               +--------+--------+--------+--------+--------+-----+--------+
         Total |   1793 |   1718 |     75 |      0 |   1299 |   3 |  597.7 |
       Dungeon |   1793 |   1718 |     75 |      0 |   1299 |   3 |  597.7 |
               +--------+--------+--------+--------+--------+-----+--------+

Top non-repeatable levels by time:
     D:1: 956 daAuts
     D:2: 704 daAuts
     D:3: 132 daAuts
